 Dungeon Crawl Stone Soup version 0.25-a0-21-ga5a8db46c7 (webtiles) character file.

Game seed: 15926064055081793854, levelgen mode: deterministic

1757 MalarOregon the Skirmisher (level 8, -1/73 HPs)
             Began as a Red Draconian Conjurer on Oct 16, 2019.
             Was a Believer of Sif Muna.
             Killed by divine providence
             ... invoked by an orc priest
              (11 damage)
             ... on level 6 of the Dungeon.
             The game lasted 00:15:53 (7630 turns).

MalarOregon the Skirmisher (Red Draconian Conjurer) Turns: 7630, Time: 00:15:54

Health: -1/73      AC:  8    Str: 11    XL:     8   Next: 79%
Magic:  5/14       EV: 16    Int: 18    God:    Sif Muna [**....]
Gold:   312        SH:  0    Dex: 16    Spells: 15/16 levels left

rFire    + . .     SeeInvis .   x - +1 whip of the Moth {slash, Dex+4} (curse)
rCold    . . .     Gourm    .   (no shield)
rNeg     . . .     Faith    .   (armour unavailable)
rPois    .         Spirit   .   (helmet restricted)
rElec    .         Reflect  .   (no cloak)
rCorr    .         Harm     .   d - +1 pair of gloves
MR       .....                  (no boots)
Stlth    ++........             p - amulet of the acrobat
HPRegen  0.22/turn              u - +4 ring of strength
MPRegen  0.14/turn              y - -3 ring of strength (curse)

@: short of breath
A: breathe fire, unfitting armour, fire resistance 1, cold-blooded, AC +6
a: Breathe Fire, Channel Magic, Renounce Religion


You were on level 6 of the Dungeon.
You worshipped Sif Muna.
Sif Muna was pleased with you.
You were not hungry.

You visited 1 branch of the dungeon, and saw 6 of its levels.
You also visited: Ossuary.

You collected 312 gold pieces.

Inventory:

Hand Weapons
 a - a +0 hunting sling of freezing
   (You took it off a goblin on level 2 of the Dungeon)
 x - the cursed +1 whip of the Moth (weapon) {slash, Dex+4}
   (You found it on level 4 of the Dungeon)

   It inflicts extra damage upon your enemies.
   It affects your dexterity (+4).
   It has a curse placed upon it.
Missiles
 h - 32 poisoned darts (quivered)
 k - 295 stones
 l - 18 sling bullets
Armour
 d - a +1 pair of gloves (worn)
   (You found it on level 1 of the Dungeon)
Jewellery
 b - an uncursed amulet of faith {!P}
   (You found it on level 1 of the Dungeon)
 g - an uncursed ring of wizardry
   (You found it on level 2 of the Dungeon)
 i - an uncursed amulet of magic regeneration
   (You found it on level 2 of the Dungeon)
 p - an amulet of the acrobat (around neck)
   (You found it on level 2 of the Dungeon)
 q - an uncursed ring of resist corrosion
   (You found it on level 4 of the Dungeon)
 u - a +4 ring of strength (left hand)
   (You found it on level 4 of the Dungeon)
 y - a cursed -3 ring of strength (right hand)
   (You found it on level 4 of the Dungeon)
 H - a +4 amulet of reflection {unknown}
   (You found it on level 6 of the Dungeon)
Wands
 c - a wand of disintegration (14)
   (You found it on level 2 of the Dungeon)
 t - a wand of flame (18)
   (You found it on level 5 of the Dungeon)
 v - a wand of polymorph (5)
   (You found it on level 4 of the Dungeon)
 F - a wand of enslavement (8)
   (You found it on level 5 of the Dungeon)
Scrolls
 j - 6 scrolls of teleportation {@r4}
 s - 2 scrolls of fear
 z - 2 scrolls of identify {@r1}
 A - a scroll of blinking
 E - a scroll of fog
 I - a scroll of remove curse {@r2}
Potions
 f - 6 potions of flight
 m - a potion of agility
 n - 3 potions of lignification {unknown}
 o - a potion of resistance {unknown}
 r - 3 potions of heal wounds {@q2}
 w - a potion of curing {@q1}
 C - 2 potions of haste {unknown}
 D - a potion of cancellation {unknown}
 G - a potion of brilliance
Comestibles
 e - 8 rations {!d}
 B - 8 chunks of flesh


   Skills:
 * Level 7.2 Fighting
 + Level 3.7 Throwing
 * Level 6.1 Dodging
 - Level 1.7 Stealth
 + Level 4.6 Spellcasting
 - Level 4.0 Conjurations


You had 15 spell levels left.
You knew the following spells:

 Your Spells              Type           Power        Failure   Level  Hunger
a - Magic Dart            Conj           ###.         2%          1    None

Your spell library contained the following spells:

 Spells                   Type           Power        Failure   Level  Hunger
 Searing Ray              Conj           ###...       4%          2    #......
 Corona                   Hex            #......      14%         1    None
 Dazzling Spray           Conj/Hex       ##....       19%         3    ###....
 Ensorcelled Hibernation  Hex/Ice        #.....       22%         2    #......
 Iskenderun's Mystic Bla  Conj           ###.....     26%         4    ####...
 Confuse                  Hex            #.......     38%         3    ###....
 Tukima's Dance           Hex            #.......     38%         3    ###....
 Force Lance              Conj/Tloc      ##......     52%         4    ####...
 Fulminant Prism          Conj/Hex       ##........   52%         4    ####...


Dungeon Overview and Level Annotations

Branches:
Dungeon (6/15)            Ossuary (visited)
 Temple: D:4-7

Altars:
Cheibriados
Gozag
Nemelex Xobeh
Qazlal
Sif Muna
Uskayaw

Annotations:
D:2 1 runed translucent door, Crazy Yiuf


Innate Abilities, Weirdness & Mutations

You can breathe blasts of fire.
Your fiery red scales are hard. (AC +6)
You cannot fit into any form of body armour.
Your flesh is heat resistant. (rF+)
You are cold-blooded and may be slowed by cold attacks.


Message History

You start resting.
You are no longer corroded.
You start resting.
Unknown command.
Things that are here:
a +0 short sword; a +0 leather armour; an orc skeleton The orc shouts!
You hear a shout!
You hear an angry hiss.
The orc is too close now for your liking.
Aim: an orc, wielding a +0 flail and wearing a +0 scale mail The magic dart hits the orc but does no damage.
An orc priest comes into view. It is wielding a +0 short sword.
Aim: an orc, wielding a +0 flail and wearing a +0 scale mail The magic dart hits the orc.
The orc priest shouts!
Aim: an orc, wielding a +0 flail and wearing a +0 scale mail (lightly wounded)
The magic dart hits the orc.
Aim: an orc, wielding a +0 flail and wearing a +0 scale mail (heavily wounded)
The magic dart hits the orc.
You kill the orc!
Sif Muna accepts your kill.
Aim: an orc priest, wielding a +0 short sword The magic dart hits the orc priest.
An orc priest comes into view. It is wielding a +0 dagger.
Aim: an orc priest, wielding a +0 short sword (moderately wounded)
The magic dart hits the orc priest.
The orc priest shouts!
Aim: an orc priest, wielding a +0 short sword (heavily wounded)
The magic dart hits the orc priest.
Aim: an orc priest, wielding a +0 short sword (heavily wounded)
The magic dart hits the orc priest.
An orc comes into view. It is wielding a +0 hand axe.
The orc priest mumbles some strange prayers to Beogh against you.
You struggle to resist.
Aim: an orc priest, wielding a +0 short sword (heavily wounded)
The magic dart hits the orc priest.
The orc priest invokes the aid of Beogh against you.
Beogh smites you!
* * * LOW HITPOINT WARNING * * *
Aim: an orc priest, wielding a +0 dagger and wearing a +0 chain mail You breathe a blast of fire.
The fiery breath hits the orc priest!
You kill the orc priest!
Sif Muna accepts your kill.
The fiery breath misses the orc priest.
You feel somewhat more hungry.
You hear an angry hiss.
The orc priest is engulfed in blazing flames.
Aim: an orc priest, wielding a +0 dagger and wearing a +0 chain mail (almost dead)
The magic dart hits the orc priest but does no damage.
The orc priest invokes the aid of Beogh against you.
Beogh smites you!
You die...

# #.#.# # #.#.# #
#.#.# #
#.#.####.# #
#.÷........
#.#.####.##
#)#...
##.#####)####.#
.$..☼o)@.#### #
##.o........#
....####.##.#.#.#
##. #.........#
..............#
###.#.......#.#
#.......#.#
#!#.#.#.# #
....##.#..


You could see an orc priest and an orc.

Vanquished Creatures
  Menkaure (D:4)
  An orc warrior (D:6)
  An ice beast (D:5)
  2 ogres (D:5)
  2 centaurs (D:6)
  A bullfrog (D:6)
  3 water moccasin zombies (Ossuary)
  2 scorpions (D:4)
  A howler monkey (D:4)
  An electric eel (D:6)
  An orc priest (D:6)
  3 orc wizards
  2 hounds (D:6)
  A jelly (D:6)
  5 worker ants
  Ijyb (D:4)
  2 big kobold zombies (Ossuary)
  A hound zombie (D:6)
  2 mummies (Ossuary)
  8 adders
  A shadow imp (D:4)
  2 oozes
  An adder skeleton (D:6)
  7 adder zombies
  5 dart slugs
  3 worms
  2 leopard geckos
  27 orcs
  6 bats
  5 giant cockroaches
  3 gnoll zombies (Ossuary)
  7 hobgoblins
  5 jackals (D:3)
  11 kobolds
  4 quokkas
  A ball python (D:3)
  7 frilled lizards
  8 goblins
  3 hobgoblin zombies (Ossuary)
  3 kobold zombies (Ossuary)
  6 orc zombies (Ossuary)
  2 quokka skeletons
  A quokka zombie (D:5)
  5 rats
166 creatures vanquished.

Notes
Turn   | Place    | Note
-------+----------+-------------------------------------------
     0 | D:1      | MalarOregon the Draconian Conjurer began the quest for the
                  | Orb.
     0 | D:1      | Reached XP level 1. HP: 14/14 MP: 3/3
   173 | D:1      | Reached skill level 1 in Fighting
   208 | D:1      | Reached XP level 2. HP: 21/23 MP: 3/5
   864 | D:2      | Reached skill level 2 in Fighting
  1041 | D:2      | Reached XP level 3. HP: 29/29 MP: 2/6
  1644 | D:2      | Found a runed translucent door.
  1645 | D:2      | Noticed Crazy Yiuf
  1791 | D:2      | Reached XP level 4. HP: 37/37 MP: 7/7
  1800 | D:2      | Found a shimmering blue altar of Sif Muna.
  1904 | D:2      | Became a worshipper of Sif Muna the Loreminder
  2497 | D:3      | Found a stormy altar of Qazlal.
  2629 | D:3      | Reached skill level 1 in Throwing
  2634 | D:3      | Reached skill level 3 in Fighting
  2659 | D:3      | Reached XP level 5. HP: 44/45 MP: 5/9
  2663 | D:3      | Reached * piety under Sif Muna
  2671 | D:3      | Found an opulent altar of Gozag.
  2809 | D:3      | Found a snail-covered altar of Cheibriados.
  3674 | D:4      | Noticed Ijyb
  3693 | D:4      | Killed Ijyb
  3793 | D:4      | Found a hide-covered altar of Uskayaw.
  3793 | D:4      | Noticed a +0 dagger
  3803 | D:4      | Reached XP level 6. HP: 52/52 MP: 10/10
  3809 | D:4      | Noticed a +0 dagger
  3848 | D:4      | Reached skill level 4 in Fighting
  3849 | D:4      | Noticed Menkaure
  3864 | D:4      | Killed Menkaure
  4089 | D:4      | Got an iridescent whip
  4095 | D:4      | Identified the cursed +1 whip of the Moth {slash, Dex+4}
                  | (You found it on level 4 of the Dungeon)
  4414 | D:5      | Entered Level 5 of the Dungeon
  4444 | D:4      | Your scales start taking on a fiery red colour.
  4444 | D:4      | Reached XP level 7. HP: 28/60 MP: 1/12
  4444 | D:4      | Gained mutation: Your flesh is heat resistant. (rF+) [Red
                  | Draconian growth]
  4580 | D:5      | Found a sand-covered staircase.
  4584 | Ossuary  | Entered an ossuary
  4668 | Ossuary  | Reached skill level 5 in Fighting
  4896 | Ossuary  | Reached ** piety under Sif Muna
  5555 | D:5      | Reached skill level 5 in Dodging
  5655 | D:5      | Reached skill level 6 in Fighting
  5655 | D:5      | Reached XP level 8. HP: 39/70 MP: 0/13
  6385 | D:5      | Found a sparkling altar of Nemelex Xobeh.
  7544 | D:6      | Reached skill level 7 in Fighting
  7630 | D:6      | Killed from afar by an orc priest

Levels and vault maps discovered:
D:1:      lightli_arrival_lavapool, layout_basic
D:2:      minmay_diamond_boxcup, layout_loops_corners, marbit_many_paths,
          first_ration, uniq_crazy_yiuf_cottage
D:3:      layout_basic, grunt_qazlal_sundering,
          nicolae_gozag_cash_rules_everything_around_me, cheibriados_altar_1
D:4:      layout_basic, dancing_weapons_uskayaw, uniq_ijyb, uniq_menkaure
D:5:      layout_layer_cave, enter_ossuary_5, moated_statue,
          nemelex_dance_club_becter
D:6:      minmay_cornered_nines, layout_loops_ring, old_standard_altar,
          minivault_4

Skill      XL: |  1  2  3  4  5  6  7  8 |
---------------+-------------------------+-----
Fighting       | 1 2 3 4 6 7 |  7.2
Dodging        | 2 3 4 5 6 |  6.1
Throwing       | 1 2 3 |  3.7
Spellcasting   | 3 4 |  4.6
Stealth        | |  1.7
Conjurations   | |  4.0

Action                   |  1- 3 |  4- 6 |  7- 9 || total
-------------------------+-------+-------+-------++-------
Melee: Dagger            |    16 |       |       ||    16
       Tailslap          |     1 |     1 |    54 ||    56
       Whip              |       |     6 |   329 ||   335
 Fire: Hunting sling     |    16 |   228 |       ||   244
Throw: Dart              |       |     4 |       ||     4
       Stone             |       |       |     1 ||     1
 Cast: Magic Dart        |    56 |    41 |   116 ||   213
 Abil: Breathe Fire      |       |       |     3 ||     3
  Use: Potion            |     2 |       |       ||     2
       Scroll            |     4 |     6 |     2 ||    12
 Stab: Sleeping          |       |       |     3 ||     3
  Eat: Chunk             |     3 |     8 |     5 ||    16
       Ration            |       |       |     2 ||     2
Armor: Skin              |     7 |    46 |    93 ||   146
Dodge: Dodged            |    22 |   115 |   270 ||   407

Table legend:
 A = Non-vault XP
 B = Vault XP
 C = Vault XP percentage of total XP
 D = Non-vault monster count
 E = Vault monster count
 F = Vault count percentage of total count
                 A         B        C        D         E       F
            +---------+---------+-------+---------+---------+-------
      Total |    1723 |     787 |  31.4 |     124 |      42 |  25.3
            +---------+---------+-------+---------+---------+-------
        D:1 |      32 |       0 |   0.0 |      19 |       0 |   0.0
        D:2 |      69 |      28 |  28.9 |      16 |       8 |  33.3
        D:3 |      93 |       0 |   0.0 |      33 |       0 |   0.0
        D:4 |     313 |     208 |  39.9 |      11 |       2 |  15.4
        D:5 |     505 |     125 |  19.8 |      20 |       2 |   9.1
        D:6 |     711 |      50 |   6.6 |      25 |       3 |  10.7
    Ossuary |       0 |     376 | 100.0 |       0 |      27 | 100.0
            +---------+---------+-------+---------+---------+-------
